 Dungeon Sprint DCSS version 0.30-a0-1161-g0704695555 (webtiles) character file.

Game seed: 4377761402970438952

11100000 123456 the Grand Master (level 27, -24/292 HPs)
             Began as an Armataur Gladiator on Apr 27, 2023.
             Was the Champion of Makhleb.
             Killed by the air
             ... invoked by a tyrant
              (28 damage)
             ... in the Dungeon (Sprint VIII: "Arena of Blood").
             The game lasted 00:04:37 (111 turns).

123456 the Grand Master (Armataur Gladiator)         Turns: 111, Time: 00:04:39

Health: -24/292    AC: 10    Str: 23    XL:     27
Magic:  38/54      EV: 31    Int:  8    God:    Makhleb [******]
Gold:   0          SH:  0    Dex: 23    Spells: 80/80 levels left

rFire   . . .        k - +∞ Axe of Woe
rCold   . . .        (shield currently unavailable)
rNeg    . . .        a - +0 leather armour
rPois   .            b - +0 helmet
rElec   .            (no cloak)
rCorr   .            (no gloves)
SInv    .            (no barding)
Will    ++...        (no amulet)
Stlth   ++++++++++   (no ring)
HPRegen 0.68/turn    (no ring)
MPRegen 0.34/turn

%: no teleportation, roll
@: lethally poisoned (-24 -> -77)
A: large, rugged brown scales 3, deformed body, armoured tail, roll, long
tongue, awkward tongue
a: Renounce Religion, Minor Destruction, Lesser Servant of Makhleb, Major
Destruction, Greater Servant of Makhleb


You were in the Dungeon.
You worshipped Makhleb.
Makhleb was exalted by your worship.
You visited 1 branch

Inventory:

Hand Weapons
 k - the +∞ Axe of Woe (weapon)
   (You found it in the Dungeon)
Missiles
 c - 3 throwing nets (quivered)
 d - a javelin
Armour
 a - a +0 leather armour (worn)
 b - a +0 helmet (worn)
Scrolls
 j - a scroll of blinking
Potions
 e - a potion of curing
 f - a potion of heal wounds
 g - a potion of haste
 h - 2 potions of magic
 i - a potion of berserk rage


   Skills:
 O Level 27 Fighting
 O Level 27 Short Blades
 O Level 27 Long Blades
 O Level 27 Axes
 O Level 27 Maces & Flails
 O Level 27 Polearms
 O Level 27 Staves
 O Level 27 Ranged Weapons
 O Level 27 Throwing
 O Level 27 Armour
 O Level 27 Dodging
 O Level 27 Stealth
 O Level 27 Shields
 O Level 27 Unarmed Combat
 O Level 27 Spellcasting
 O Level 27 Conjurations
 O Level 27 Hexes
 O Level 27 Summonings
 O Level 27 Necromancy
 O Level 27 Translocations
 O Level 27 Transmutations
 O Level 27 Fire Magic
 O Level 27 Ice Magic
 O Level 27 Air Magic
 O Level 27 Earth Magic
 O Level 27 Poison Magic
 O Level 27 Invocations
 O Level 27 Evocations


You had 80 spell levels left.
You didn't know any spells.
Your spell library was empty.

Dungeon Overview and Level Annotations

Branches:
Dungeon (1/1)

Altars:
Makhleb


Innate Abilities, Weirdness & Mutations

You are completely covered in rugged brown scales. (AC +3, +7% HP)
Armour fits poorly on your strangely shaped body.
You have a long armoured tail.
You roll when moving toward enemies. (Rampage)
Your long tongue fully drains potion bottles. (2x potion effects)
Your tongue gives you trouble enunciating. (1.5x scroll delay)


Message History

You feel better.
You are engulfed in poison gas.
You are more poisoned.
You feel extremely sick.
You hear a shout!
The meat berserker rages.
You hear a shout! x3
The eight-headed meat hydra calls on the powers of darkness!
The eight-headed meat hydra convulses!
The scourge convulses!
Your body is wracked with pain!
* * * LOW HITPOINT WARNING * * *
The tyrant waves its bony arms in wide circles.
The air twists around and strikes you!!!
* * * LOW HITPOINT WARNING * * *
You hear a shout!
Unknown command.
Something unexpectedly blocked you, preventing you from rolling!
You slash something!
You slaughter something joyfully.
Makhleb accepts your kill.
You feel better.
Reactivating autopickup.
You feel a bit more experienced.
You slash the bag of meat!
You butcher the bag of meat messily.
You kill the bag of meat!
Makhleb accepts your kill.
The dread appears out of thin air!
A dread comes into view.
You are engulfed in poison gas.
You are more poisoned.
* * * LOW HITPOINT WARNING * * *
x2 You feel extremely sick.
A meat berserker comes into view. It is wielding a +9 battleaxe.
You hear a shout! x3
The dread throws damnation at you.
The sphere of damnation explodes!
The damnation engulfs you!!
* * * LOW HITPOINT WARNING * * *
The tyrant casts a spell.
The bag of meat is engulfed in blazing flames.
The tyrant waves its bony arms in wide circles.
The air twists around and strikes you!!
You die...

.. #...))#.......#.#
...#_.<)_#.......X..
...#...))#.o....#o#.
......)_)))...oX..SX.
......###..§O§.§L.#.#
..###...))).###.oXW...
. #.OW))).#§§○......
..#...)))O#o☼)......
......)))W○@§.....X.
......).)X°☼○.#...#.
.........○☼○)#X.L.#
........LX.##..X.X#
.#.....X○S#.§.X..#..
......X...#..W###...
##.#.D......... ..#
.............. ..
.#..... ###..


You could see 3 tentacled monstrosities, 3 tyrants, an eight-headed meat hydra,
2 scourges, 10 large abominations, 4 dreads, 2 meat berserkers and 4 bags of
meat.

Vanquished Creatures
  Sigmund (D)
  5 hell beasts (D)
  Edmund (D)
  7 royal mummies (D)
  5 wraiths (D)
  Harold (D)
  12 vampire knights (D)
  44 ogres (D)
  12 two-headed ogres (D)
  5 liches (D)
  2 hydras (D)
  4 phantoms (D)
  69 orcs (D)
  4 skeletal warriors (D)
  3 sea snakes (D)
175 creatures vanquished.

Notes
Turn   | Place    | Note
-------+----------+-------------------------------------------
     0 | D        | Found the +∞ Axe of Woe
     0 | D        | 123456 the Armataur Gladiator began the quest for the Orb.
     0 | D        | Reached XP level 1. HP: 18/18 MP: 1/1
     2 | D        | Noticed a bag of meat
     3 | D        | Noticed a bag of meat
     4 | D        | Became a worshipper of Makhleb the Destroyer
     4 | D        | Noticed a bag of meat
     5 | D        | Noticed a meat berserker
     6 | D        | Killed a bag of meat
     7 | D        | Reached XP level 2. HP: 38/38 MP: 2/2
     7 | D        | Reached XP level 3. HP: 43/43 MP: 3/3
     7 | D        | Reached XP level 4. HP: 52/52 MP: 4/4
     7 | D        | Reached XP level 5. HP: 59/59 MP: 5/5
     7 | D        | Reached XP level 6. HP: 66/66 MP: 6/6
     7 | D        | Reached XP level 7. HP: 73/73 MP: 7/7
     7 | D        | Reached XP level 8. HP: 80/80 MP: 8/8
     7 | D        | Reached XP level 9. HP: 87/87 MP: 9/9
     7 | D        | Reached XP level 10. HP: 96/96 MP: 10/10
     7 | D        | Noticed a bag of meat
     8 | D        | Noticed a meat berserker
     9 | D        | Noticed a meat berserker
     9 | D        | Killed a bag of meat
     9 | D        | Reached * piety under Makhleb
     9 | D        | Noticed a meat berserker
     9 | D        | Noticed a bag of meat
     9 | D        | Noticed a meat berserker
    10 | D        | Reached skill level 10 in Fighting
    10 | D        | Reached XP level 11. HP: 105/105 MP: 11/11
    10 | D        | Killed a meat berserker
    10 | D        | Noticed a bag of meat
    10 | D        | Noticed a meat berserker
    11 | D        | Reached skill level 5 in Axes
    11 | D        | Reached skill level 10 in Throwing
    11 | D        | Reached XP level 12. HP: 119/119 MP: 12/12
    11 | D        | Reached XP level 13. HP: 126/126 MP: 13/13
    11 | D        | Killed a bag of meat
    11 | D        | Noticed a bag of meat
    11 | D        | Noticed a bag of meat
    11 | D        | Noticed a bag of meat
    11 | D        | Noticed a bag of meat
    12 | D        | Reached skill level 1 in Armour
    12 | D        | Killed a meat berserker
    12 | D        | Reached ** piety under Makhleb
    12 | D        | Killed a meat berserker
    12 | D        | Killed a meat berserker
    12 | D        | Killed a meat berserker
    12 | D        | Reached *** piety under Makhleb
    12 | D        | Killed a bag of meat
    12 | D        | Noticed a bag of meat
    12 | D        | Noticed a bag of meat
    13 | D        | Reached XP level 14. HP: 147/147 MP: 14/14
    13 | D        | Reached XP level 15. HP: 156/156 MP: 15/15
    13 | D        | Killed a meat berserker
    13 | D        | Noticed a meat berserker
    14 | D        | Reached XP level 16. HP: 167/167 MP: 16/16
    14 | D        | Noticed a meat berserker
    15 | D        | Reached **** piety under Makhleb
    16 | D        | Reached skill level 15 in Axes
    16 | D        | Killed a meat berserker
    16 | D        | Noticed a meat berserker
    17 | D        | Reached skill level 15 in Throwing
    17 | D        | Killed a meat berserker
    18 | D        | Reached skill level 5 in Armour
    18 | D        | Reached skill level 27 in Unarmed Combat
    18 | D        | Reached XP level 17. HP: 181/181 MP: 17/17
    18 | D        | Reached ***** piety under Makhleb
    20 | D        | Noticed a meat berserker
    20 | D        | Killed a meat berserker
    22 | D        | Noticed a large bag of meat
    23 | D        | Noticed a meat berserker
    23 | D        | Noticed a meat berserker
    23 | D        | Noticed a large bag of meat
    23 | D        | Noticed a destroyer
    23 | D        | Noticed a meat berserker
    24 | D        | Noticed a large bag of meat
    24 | D        | Noticed a meat berserker
    25 | D        | Noticed a meat berserker
    26 | D        | Noticed a meat berserker
    26 | D        | Noticed a meat berserker
    26 | D        | Noticed a large bag of meat
    26 | D        | Noticed a meat berserker
    27 | D        | Noticed a meat berserker
    27 | D        | Noticed a sculptor of flesh
    27 | D        | Noticed a meat berserker
    27 | D        | Killed a large bag of meat
    27 | D        | Noticed a destroyer
    27 | D        | Noticed a meat berserker
    28 | D        | Reached skill level 27 in Dodging
    28 | D        | Reached XP level 18. HP: 170/203 MP: 18/18
    28 | D        | Killed a large bag of meat
    28 | D        | Reached ****** piety under Makhleb
    28 | D        | Noticed a destroyer
    28 | D        | Noticed a destroyer
    28 | D        | Noticed a large bag of meat
    28 | D        | Noticed a large bag of meat
    29 | D        | Killed a meat berserker
    29 | D        | Killed a meat berserker
    29 | D        | Noticed a meat berserker
    29 | D        | Noticed a meat berserker
    30 | D        | Reached skill level 27 in Fighting
    30 | D        | Reached skill level 27 in Axes
    30 | D        | Reached XP level 19. HP: 207/221 MP: 19/19
    30 | D        | Killed a meat berserker
    30 | D        | Killed a meat berserker
    30 | D        | Noticed a destroyer
    30 | D        | Noticed a meat berserker
    30 | D        | Noticed a meat berserker
    30 | D        | Noticed a meat berserker
    31 | D        | Reached skill level 27 in Throwing
    31 | D        | Killed a meat berserker
    31 | D        | Killed a meat berserker
    31 | D        | Noticed The Servant
    31 | D        | Noticed a meat berserker
    32 | D        | Reached skill level 27 in Armour
    32 | D        | Killed a meat berserker
    32 | D        | Killed a meat berserker
    32 | D        | Killed a destroyer
    33 | D        | Reached skill level 5 in Polearms
    33 | D        | Reached skill level 5 in Ranged Weapons
    33 | D        | Reached skill level 5 in Spellcasting
    33 | D        | Reached XP level 20. HP: 217/231 MP: 19/28
    33 | D        | Killed a large bag of meat
    33 | D        | Killed a meat berserker
    34 | D        | Reached skill level 10 in Stealth
    34 | D        | Reached XP level 21. HP: 201/239 MP: 19/31
    34 | D        | Killed a destroyer
    34 | D        | Killed a large bag of meat
    35 | D        | Reached skill level 10 in Short Blades
    35 | D        | Reached skill level 10 in Shields
    35 | D        | Reached skill level 10 in Transmutations
    35 | D        | Reached skill level 10 in Fire Magic
    35 | D        | Reached skill level 10 in Ice Magic
    35 | D        | Reached skill level 10 in Air Magic
    35 | D        | Reached skill level 10 in Earth Magic
    35 | D        | Reached skill level 10 in Poison Magic
    35 | D        | Noticed a destroyer
    36 | D        | Reached skill level 10 in Long Blades
    36 | D        | Reached skill level 10 in Maces & Flails
    36 | D        | Reached skill level 10 in Staves
    36 | D        | Reached skill level 10 in Conjurations
    36 | D        | Reached skill level 10 in Hexes
    36 | D        | Reached skill level 10 in Summonings
    36 | D        | Reached skill level 10 in Necromancy
    36 | D        | Reached XP level 22. HP: 232/249 MP: 19/35
    37 | D        | Reached skill level 10 in Ranged Weapons
    37 | D        | Reached skill level 15 in Stealth
    37 | D        | Noticed a destroyer
    37 | D        | Killed a destroyer
    38 | D        | Reached skill level 15 in Shields
    38 | D        | Reached skill level 15 in Translocations
    38 | D        | Reached skill level 15 in Invocations
    38 | D        | Reached skill level 15 in Evocations
    38 | D        | Reached XP level 23. HP: 246/256 MP: 19/38
    38 | D        | Killed a large bag of meat
    39 | D        | Reached skill level 15 in Short Blades
    39 | D        | Reached skill level 15 in Transmutations
    39 | D        | Reached skill level 15 in Fire Magic
    39 | D        | Reached skill level 15 in Ice Magic
    39 | D        | Reached skill level 15 in Air Magic
    39 | D        | Reached skill level 15 in Earth Magic
    39 | D        | Reached skill level 15 in Poison Magic
    40 | D        | Noticed a destroyer
    42 | D        | Killed a large bag of meat
    42 | D        | Noticed a destroyer
    43 | D        | Reached skill level 15 in Long Blades
    43 | D        | Reached skill level 15 in Maces & Flails
    43 | D        | Reached skill level 15 in Staves
    43 | D        | Reached skill level 15 in Conjurations
    43 | D        | Reached skill level 15 in Hexes
    43 | D        | Reached skill level 15 in Summonings
    43 | D        | Reached skill level 15 in Necromancy
    43 | D        | Reached XP level 24. HP: 205/266 MP: 20/40
    43 | D        | Killed a destroyer
    44 | D        | Reached skill level 27 in Stealth
    44 | D        | Noticed a tyrant
    44 | D        | Killed a destroyer
    45 | D        | Reached skill level 15 in Spellcasting
    45 | D        | Reached XP level 25. HP: 264/274 MP: 21/42
    45 | D        | Killed a destroyer
    45 | D        | Killed a destroyer
    46 | D        | Reached skill level 15 in Polearms
    49 | D        | Noticed a large bag of meat
    49 | D        | Killed The Servant
    50 | D        | Reached skill level 15 in Ranged Weapons
    50 | D        | Reached XP level 26. HP: 95/284 MP: 22/44
    50 | D        | Noticed a large bag of meat
    52 | D        | Noticed an accursed
    52 | D        | Killed a destroyer
    52 | D        | Noticed a large bag of meat
    53 | D        | Noticed a destroyer
    54 | D        | Noticed an accursed
    56 | D        | Reached XP level 27. HP: 292/292 MP: 23/46
    56 | D        | Killed a tyrant
    57 | D        | Killed an accursed
    58 | D        | Killed a destroyer
    59 | D        | Killed an accursed
    59 | D        | Noticed a tyrant
    60 | D        | Noticed a meat beast
    60 | D        | Noticed a tyrant
    60 | D        | Noticed an accursed
    60 | D        | Noticed an accursed
    61 | D        | Killed a destroyer
    62 | D        | Killed a large bag of meat
    62 | D        | Noticed a meat beast
    63 | D        | Killed a meat beast
    63 | D        | Noticed an accursed
    64 | D        | Killed an accursed
    65 | D        | Reached skill level 27 in Shields
    65 | D        | Noticed a dread
    66 | D        | Killed a meat beast
    66 | D        | Killed a large bag of meat
    66 | D        | Noticed a dread
    67 | D        | Reached skill level 27 in Translocations
    67 | D        | Reached skill level 27 in Invocations
    67 | D        | Reached skill level 27 in Evocations
    67 | D        | Killed a large bag of meat
    70 | D        | Noticed a dread
    70 | D        | Killed a tyrant
    71 | D        | Killed a dread
    73 | D        | Killed a tyrant
    76 | D        | Killed a dread
    76 | D        | Noticed a large bag of meat
    77 | D        | Reached skill level 27 in Short Blades
    77 | D        | Reached skill level 27 in Transmutations
    77 | D        | Reached skill level 27 in Fire Magic
    77 | D        | Reached skill level 27 in Ice Magic
    77 | D        | Reached skill level 27 in Air Magic
    77 | D        | Reached skill level 27 in Earth Magic
    77 | D        | Reached skill level 27 in Poison Magic
    77 | D        | Noticed The Captor
    77 | D        | Killed an accursed
    78 | D        | Reached skill level 27 in Conjurations
    78 | D        | Reached skill level 27 in Hexes
    78 | D        | Noticed a meat beast
    78 | D        | Killed a large bag of meat
    78 | D        | Killed an accursed
    79 | D        | Killed The Captor
    80 | D        | Reached skill level 27 in Long Blades
    80 | D        | Reached skill level 27 in Maces & Flails
    80 | D        | Reached skill level 27 in Polearms
    80 | D        | Reached skill level 27 in Staves
    80 | D        | Reached skill level 27 in Spellcasting
    80 | D        | Reached skill level 27 in Summonings
    80 | D        | Reached skill level 27 in Necromancy
    80 | D        | Killed a meat beast
    80 | D        | Noticed a dread
    80 | D        | Noticed a destroyer
    81 | D        | Reached skill level 27 in Ranged Weapons
    81 | D        | Killed a dread
    82 | D        | Noticed a meat beast
    84 | D        | Killed a meat beast
    85 | D        | Killed a destroyer
    85 | D        | Noticed a large bag of meat
    86 | D        | Killed a dread
    87 | D        | Noticed an accursed
    88 | D        | HP: 4/262 [something/bolt of negative energy (74)]
    89 | D        | Noticed a dread
    94 | D        | Noticed a destroyer
    95 | D        | Killed a destroyer
    96 | D        | Noticed a tyrant
    96 | D        | Noticed a meat beast
    96 | D        | Noticed The Defiler
    96 | D        | Killed a large bag of meat
    97 | D        | Noticed an accursed
    97 | D        | Noticed a dread
    98 | D        | Noticed a large bag of meat
    98 | D        | Noticed a tyrant
    99 | D        | Noticed a tyrant
    99 | D        | Killed a meat beast
    99 | D        | Killed an accursed
   102 | D        | Killed The Defiler
   102 | D        | Noticed a dread
   103 | D        | Killed a tyrant
   104 | D        | Noticed a tyrant
   104 | D        | Noticed a tyrant
   106 | D        | Killed a dread
   107 | D        | Killed an accursed
   108 | D        | Killed a large bag of meat
   109 | D        | Killed a tyrant
   109 | D        | Noticed a dread
   110 | D        | Noticed a dread
   110 | D        | HP: 6/292 [tyrant/the air (62)]
   111 | D        | Killed from afar by a tyrant

Illustrated notes

Levels and vault maps discovered:
D:        meatsprint

Skill      XL: |  1  2  3  4  5  6  7  8  9 10 11 12 13 14 15 16 17 18 19 20 21 22 23 24 25 26 27 |
---------------+----------------------------------------------------------------------------------+-----
Fighting       | 8 10 12 16 17 20 24 27 | 27.0
Axes           | 2 4 5 13 14 18 24 27 | 27.0
Throwing       | 8 9 10 14 16 18 22 27 | 27.0
Dodging        | 12 14 16 21 22 24 27 | 27.0
Unarmed Combat | 14 16 19 24 25 27 | 27.0
Armour         | 4 5 8 12 27 | 27.0
Short Blades   | 6 8 11 14 16 17 20 21 27 | 27.0
Long Blades    | 6 7 10 12 15 16 18 19 27 | 27.0
Maces & Flails | 6 7 10 12 15 16 18 19 27 | 27.0
Polearms       | 5 7 9 11 13 14 16 18 27 | 27.0
Staves         | 6 7 10 12 15 16 18 19 27 | 27.0
Ranged Weapons | 5 6 8 10 12 13 15 16 27 | 27.0
Stealth        | 8 10 13 16 19 27 | 27.0
Shields        | 7 9 12 15 17 19 22 24 27 | 27.0
Spellcasting   | 5 7 9 11 13 15 17 19 27 | 27.0
Conjurations   | 6 7 10 12 15 16 19 20 27 | 27.0
Hexes          | 6 7 10 12 15 16 19 20 27 | 27.0
Summonings     | 6 7 10 13 15 16 18 20 27 | 27.0
Necromancy     | 6 7 10 13 15 16 18 20 27 | 27.0
Translocations | 7 9 12 15 18 19 21 23 27 | 27.0
Transmutations | 6 8 11 14 16 17 20 21 27 | 27.0
Fire Magic     | 6 8 11 14 16 17 20 21 27 | 27.0
Ice Magic      | 6 8 11 14 16 17 20 21 27 | 27.0
Air Magic      | 6 8 11 14 16 17 20 21 27 | 27.0
Earth Magic    | 7 8 11 14 16 17 20 21 27 | 27.0
Poison Magic   | 6 8 11 14 16 17 20 21 27 | 27.0
Invocations    | 7 9 12 15 18 19 21 23 27 | 27.0
Evocations     | 7 9 12 15 18 19 21 23 27 | 27.0

Action                     |  1- 3 |  4- 6 |  7- 9 | 10-12 | 13-15 | 16-18 | 19-21 | 22-24 | 25-27 || total
---------------------------+-------+-------+-------+-------+-------+-------+-------+-------+-------++-------
  Melee: Executioner's axe |     1 |       |       |     2 |     3 |    10 |     6 |     9 |    61 ||    92
  Dodge: Dodged            |       |       |       |       |     1 |     1 |       |       |     8 ||    10

Table legend: (Time is in decaauts)
 A = Elapsed time spent in this place.
 B = Non-inter-level travel time spent in this place.
 C = Inter-level travel time spent in this place.
 D = Time resting spent in this place.
 E = Time spent auto-exploring this place.
 F = Levels seen in this place.
 G = Mean time per level.
                   A        B        C        D        E       F      G
               +--------+--------+--------+--------+--------+-----+--------+
         Total |     96 |     96 |      0 |      0 |      0 |   1 |   96.0 |
       Dungeon |     96 |     96 |      0 |      0 |      0 |   1 |   96.0 |
               +--------+--------+--------+--------+--------+-----+--------+

Top non-repeatable levels by time:
       D: 96 daAuts
